 Dungeon Crawl Stone Soup version 0.29.1-15-g9cfb28693d (webtiles) character file.

Game seed: 7978895945990313233

215 hawla the Chiller (level 6, -2/51 HPs)
             Began as a Meteoran Ice Elementalist on Apr 3, 2023.
             Slain by a wight
             ... wielding a +0 spear
              (5 damage)
             ... on level 3 of the Dungeon.
             The game lasted 00:06:01 (452 turns).

hawla the Chiller (Meteoran Ice Elementalist)        Turns: 452, Time: 00:06:02

Health: -2/51      AC:  3    Str: 10    XL:     6   Next: 39%
Magic:  12/14      EV: 13    Int: 19    God:
Gold:   55         SH:  0    Dex: 14    Spells: 10/14 levels left

rFire   . . .      SeeInvis .   g - +0 quarterstaff
rCold   . . .      Faith    .   (shield currently unavailable)
rNeg    . . .      Spirit   .   a - +0 robe
rPois   .          Reflect  .   (no helmet)
rElec   .          Harm     .   (no cloak)
rCorr   .          Rampage  .   (no gloves)
Will    .....                   d - +0 pair of boots
Stlth   +.........              (no amulet)
HPRegen 0.17/turn               (no ring)
MPRegen 0.14/turn               (no ring)

@: mighty, glowing
A: sense surroundings 1, otherworldly, glowing, explore regen, deterioration 1,
robust 1
a: no special abilities


You were on level 3 of the Dungeon.
You visited 1 branch of the dungeon, and saw 4 of its levels.

You collected 55 gold pieces.

Inventory:

Hand Weapons
 g - a +0 quarterstaff (weapon)
Armour
 a - a +0 robe (worn)
 d - a +0 pair of boots (worn)


   Skills:
 + Level 1.1 Fighting
 - Level 0.7(0.8) Maces & Flails
 + Level 0.3(0.5) Staves
 + Level 3.0 Dodging
 - Level 1.4 Stealth
 + Level 4.6 Spellcasting
 + Level 6.2 Ice Magic


You had 10 spell levels left.
You knew the following spells:

 Your Spells              Type           Power      Damage    Failure   Level
a - Freeze                Ice            100%       1d11      1%          1
b - Frozen Ramparts       Ice            56%        1d9       3%          3

Your spell library contained the following spells:

 Spells                   Type           Power      Damage    Failure   Level
 Ozocubu's Armour         Ice            28%        N/A       3%          3
 Sublimation of Blood     Necr           4%         N/A       19%         2
 Hailstorm                Conj/Ice       16%        3d6       34%         4
 Petrify                  Tmut/Erth      4%         N/A       77%         4
 Irradiate                Conj/Tmut      2%         3d12      98%         5


Dungeon Overview and Level Annotations

Branches:
Dungeon (4/15) Zot: 1941
 Temple: D:4-7

Altars:


Innate Abilities, Weirdness & Mutations

You passively map a small area around you.
You are easily found by Zot.
You glow in the dark.
You regain HP and MP as you explore.
Your body sometimes deteriorates upon taking damage.
You are robust. (+10% HP)


Message History

You destroy the phantom!
Your life force feels restored.
Your Fighting skill increases to level 1!
Your Dodging skill increases to level 3!
Your Ice Magic skill increases to level 6!
You have reached level 6!
You feel stronger.
A scorpion comes into view.
Casting: Frozen Ramparts (dangerous; 3% risk of failure)
Confirm with . or Enter, or press ? or * to list all spells.
Casting: Frozen Ramparts (dangerous; 3% risk of failure)
Press: ? - help, Dir - look around, f - activate The walls around you are covered in ice.
The wight resists.
The wall freezes the wight.
The wight hits you from afar with a +0 spear.
* * * LOW HITPOINT WARNING * * *
The wall freezes the scorpion.
You barely miss the scorpion.
The scorpion is moderately wounded.
The wight completely resists.
The wall freezes the wight but does no damage.
The wight closely misses you.
The wall freezes the scorpion but does no damage.
The scorpion stings you.
* * * LOW HITPOINT WARNING * * *
You aren't carrying any items that you can evoke.
You completely miss the scorpion.
The scorpion is moderately wounded.
The wall freezes the scorpion but does no damage.
The scorpion barely misses you.
The wall freezes the wight but does no damage.
The wight closely misses you.
The wall freezes the scorpion.
The scorpion misses you.
The wight completely resists.
The wall freezes the wight but does no damage.
The wight hits you from afar with a +0 spear.
* * * LOW HITPOINT WARNING * * *
Your frozen ramparts will break if you move.
Continue?
The frozen ramparts melt away as you move.
The wight hits you from afar with a +0 spear.
You die...

#####.$#* ,
#.....## ## , , ,
*, *#>.###.,,, ,
#...#.. , , * ,
#...... * ,* * *
#......# #.?....#
,* * *,
####.#.########.##
* ,
#...).@s......#
#........#####.
#.# #.#.####z# #.#
#.#.# #.#
#.######.#.# #.#
#.##.......# #.#
#.##.###.### #.#
#.##.# #.# #.#
#.##.# #.# #.#


You could see a scorpion and a wight.

Vanquished Creatures
  A phantom (D:3)
  A scorpion (D:4)
  An orc wizard (D:4)
  An adder (D:4)
  4 dart slugs
  4 orcs (D:4)
  6 ball pythons
  5 endoplasms
  2 goblins
  A hobgoblin (D:1)
  3 jackals (D:2)
  2 kobolds
  5 rats
36 creatures vanquished.

Notes
Turn   | Place    | Note
-------+----------+-------------------------------------------
     0 | D:1      | hawla the Meteoran Ice Elementalist began the quest for the
                  | Orb.
     0 | D:1      | Reached XP level 1. HP: 14/14 MP: 5/5
    15 | D:1      | Reached XP level 2. HP: 15/20 MP: 1/6
   109 | D:3      | Noticed a phantom
   138 | D:2      | Reached XP level 3. HP: 24/26 MP: 8/8
   141 | D:2      | Reached skill level 5 in Ice Magic
   194 | D:2      | Learned a level 3 spell: Frozen Ramparts
   237 | D:4      | Reached XP level 4. HP: 30/34 MP: 3/9
   290 | D:4      | Noticed a scorpion
   300 | D:4      | Killed a scorpion
   301 | D:4      | Reached XP level 5. HP: 39/39 MP: 5/12
   417 | D:3      | HP: 1/38 [wight/+0 spear (6)]
   424 | D:3      | Gained mutation: You are robust. (+10% HP) [potion of
                  | mutation]
   424 | D:3      | Gained mutation: Your body sometimes deteriorates upon
                  | taking damage. [potion of mutation]
   427 | D:3      | Killed a phantom
   428 | D:3      | Reached skill level 1 in Fighting
   428 | D:3      | Reached skill level 6 in Ice Magic
   428 | D:3      | Reached XP level 6. HP: 6/51 MP: 12/14
   450 | D:3      | HP: 2/51 [wight/+0 spear (5)]
   452 | D:3      | Slain by a wight

Illustrated notes

Levels and vault maps discovered:
D:1:      dpeg_arrival_radiant, layout_rooms, minmay_split_cup_small
D:2:      layout_rooms, shapermc_ecumenical_altar_flowoftime, basic_altar,
          minmay_pentomino_q2
D:3:      layout_loops_ring, amcnicky_altar_gilded, mainiacjoe_overflow_paths
D:4:      layout_basic

Skill      XL: |  1  2  3  4  5 |
---------------+----------------+-----
Ice Magic      | 5 6 |  6.2
Spellcasting   | 3 4 |  4.6
Fighting       | 1 |  1.1
Dodging        | 3 |  3.0
Maces & Flails | |  0.7
Staves         | |  0.3
Stealth        | |  1.4

Action                   |  1- 3 |  4- 6 || total
-------------------------+-------+-------++-------
Melee: Whip              |     4 |    16 ||    20
       Unarmed           |     2 |       ||     2
       Quarterstaff      |       |    16 ||    16
 Cast: Freeze            |    20 |     8 ||    28
       Frozen Ramparts   |     4 |     5 ||     9
  Use: Potion            |     1 |     3 ||     4
Armor: Robe              |     2 |     6 ||     8
Dodge: Dodged            |     7 |    29 ||    36
